Unix NetHack Version 5.0.0-0 post-release - last build May 30 2026 05:04:26 (55804bc15828dd6e32e9076e0726aa6fccb6e981,branch:main).

Game began 2026-05-30 16:29:07, ended 2026-05-30 21:15:21.

Japes, lawful female human Valkyrie

    ---------
    |.......|
    |.......|
    |........#
    --.------##
      #       #
      ####    ##0#
         #     ##
        ###  ####
    ------.- #  #
    |.......###      #
    |..S...|  ##########  ----------.-----
    |>.....|          ####-.........g....|
    |......|              |....<....)...%|
    --------              -..............|
                          ----------------

Japes the Woman-at-arms     St:18 Dx:14 Co:17 In:8 Wi:11 Ch:8  Lawful
Dlvl:13 $:322 HP:0(87) Pw:27(27) AC:-2 Xp:10/6114 T:7223 

Latest messages:
 You succeed in unlocking the door.
 The door opens.
 You find a hidden passage.
 The door opens.
 You climb up the stairs.
 You see here a statue of a snake.
 You hear a jackal howling at the moon.
 $ - 6 gold pieces (309 in total).
 $ - 13 gold pieces (322 in total).
 You hear a door open.
 The door opens.
 You hit the bugbear!
 The bugbear hits!
 You hit the bugbear.
 You hear a chugging sound.
 The bugbear hits!
 You hit the bugbear.
 You hit the bugbear!
 The bugbear hits!
 You kill the bugbear!
 You see here a bugbear corpse.
 You miss the winged gargoyle.
 The winged gargoyle hits!
 The winged gargoyle hits again!
 The winged gargoyle bites!
 You hit the winged gargoyle!
 The winged gargoyle misses!
 The winged gargoyle misses!
 The winged gargoyle just misses!
 What do you want to use or apply? [bekuNQSUZ or ?*]
 m - an uncursed wand of cold.
 The winged gargoyle hits!
 The winged gargoyle misses!
 The winged gargoyle bites!
 The winged gargoyle hits!
 The winged gargoyle hits again!
 The winged gargoyle misses!
 What do you want to zap? [mNQSUZ or ?*]
 Nothing happens.
 The dart misses the winged gargoyle.
 You are hit by a dart.
 Valkyrie, all your powers will be lost...
 The dart misses the winged gargoyle.
 A dart misses you.
 The dart hits the winged gargoyle.
 The winged gargoyle misses!
 The winged gargoyle hits!
 You die...
 Do you want your possessions identified? [ynq] (y)
 Do you want to see your attributes? [ynq] (y)

Inventory:
 Coins    ('$')
  $ - 322 gold pieces
 Weapons  (')')
  H - 4 +0 daggers
  j - a +0 knife
  a - a +1 spear (weapon in right hand)
 Armor    ('[')
  f - an uncursed +0 orcish helm (being worn)
  D - an uncursed +0 pair of elven boots (being worn)
  c - an uncursed very burnt +3 small shield (being worn)
  i - a blessed burnt +1 cloak of invisibility (being worn)
  J - an uncursed +0 dwarvish mithril-coat (being worn)
 Rings    ('=')
  h - an uncursed ring of conflict
  O - a blessed +2 ring of increase accuracy (on right hand)
  s - an uncursed ring of polymorph control (on left hand)
 Wands    ('/')
  m - a wand of cold (0:0)
  N - a wand of locking (0:5)
  Q - a wand of make invisible (0:6)
  U - a wand of make invisible (0:5)
  S - a wand of make invisible (0:2)
  Z - a wand of teleportation (0:7)
 Tools    ('(')
  b - an uncursed bag of holding containing 43 items
  e - an uncursed blindfold
  k - a cursed skeleton key
  u - a +0 unicorn horn

Contents of the bag of holding:
  3696 gold pieces
  an uncursed +0 pair of jumping boots
  an uncursed venti hot decaf vanilla latte
  an uncursed banana
  6 uncursed food rations
  2 uncursed fortune cookies
  an uncursed lembas wafer
  3 uncursed tripe rations
  an uncursed tin of spinach
  an uncursed egg
  an uncursed lichen corpse
  an uncursed lizard corpse
  2 uncursed scrolls of blank paper
  an uncursed scroll of confuse monster
  2 cursed scrolls of earth
  2 uncursed scrolls of enchant weapon
  an uncursed scroll of food detection
  an uncursed scroll of gold detection
  a blessed scroll of identify
  an uncursed scroll of remove curse
  a blessed scroll of teleportation
  an uncursed scroll of teleportation
  an uncursed spellbook of identify
  an uncursed spellbook of magic missile
  an uncursed potion of acid
  a blessed potion of extra healing
  an uncursed potion of gain ability
  an uncursed potion of hallucination
  an uncursed potion of object detection
  an uncursed potion of sleeping
  a cursed ring of cold resistance
  an uncursed ring of invisibility
  an uncursed ring of poison resistance
  a wand of create monster (0:15)
  a wand of create monster (0:14)
  a wand of light (0:13)
  a cursed wand of lightning (0:3)
  a crystal ball (0:5)
  an uncursed mirror
  an uncursed oil lamp
  an uncursed tallow candle
  an uncursed agate stone
  an uncursed worthless piece of yellow glass

Japes the Valkyrie's attributes:

Background:
 You were a Woman-at-arms, a level 10 human Valkyrie.
 You were lawful, on a mission for Tyr
 who was opposed by Odin (neutral) and Loki (chaotic).
 You were right-handed.
 You were in the Dungeons of Doom, on level 13.
 You entered the dungeon 7223 turns ago.
 You had 6114 experience points, 3886 more were needed to attain level 11.

Basics:
 You had 0 out of 87 hit points.
 You had all 27 energy points (spell power).
 Your armor class was -2.
 Your wallet contained 322 zorkmids, and
 you had 3696 more stashed away in your pack.
 Autopickup was on for '$' plus thrown.

Final Characteristics:
 Your strength was 18 (peak:18/01, limit:18/100).
 Your dexterity was 14 (limit:18).
 Your constitution was 17 (limit:18).
 Your intelligence was 8 (limit:18).
 Your wisdom was 11 (limit:18).
 Your charisma was 8 (limit:18).

Final Status:
 You weren't hungry.
 You were unencumbered.
 You were wielding a spear.
 You had basic skill with spear and could have enhanced that.

Final Attributes:
 You were piously aligned.
 You were cold resistant.
 You were poison resistant.
 You were telepathic.
 You were invisible.
 You were stealthy.
 You had a small bonus to hit (+2).
 You were guarded.
 You had polymorph control.
 You were fast.
 You are dead.

Miscellaneous:
 You didn't encounter any bones levels.
 Total elapsed playing time was 2 hours, 43 minutes and 57 seconds.

Major events:
 Turn
    1: Japes the lawful human Valkyrie entered the dungeon
  435: attained the rank of Skirmisher (level 3)
 1131: entered the Gnomish Mines
 1290: attained the rank of Fighter (level 6)
 1649: reached Mine Town
 3242: entered Sokoban
 3539: completed 1st Sokoban level
 4032: completed 2nd Sokoban level
 4279: completed 3rd Sokoban level
 4857: completed 4th Sokoban level
 5256: acquired the Sokoban bag of holding
 6038: attained the rank of Woman-at-arms (level 10)
 7223: killed by a winged gargoyle

You didn't know any spells.

Skills:
 Fighting Skills
   bare handed combat [Unskilled]
   two weapon combat  [Unskilled]
   riding             [Unskilled]
 Weapon Skills
   dagger             [Basic]
   axe                [Unskilled]
   pick-axe           [Unskilled]
   short sword        [Unskilled]
   broadsword         [Unskilled]
   long sword         [Unskilled]
   two-handed sword   [Unskilled]
   saber              [Unskilled]
   hammer             [Unskilled]
   quarterstaff       [Unskilled]
   polearms           [Unskilled]
   spear              [Basic]
   trident            [Unskilled]
   lance              [Unskilled]
   sling              [Unskilled]
 Spellcasting Skills
   attack spells      [Unskilled]
   escape spells      [Unskilled]

Voluntary challenges:
 Character rerolling was not enabled.
 You never genocided any monsters.
 You never polymorphed an object.
 You never changed form.
 You used no wishes.
 You did not violate any of the special Sokoban rules.
Achievements:
 You attained the rank of Skirmisher.
 You entered a shop.
 You entered the Gnomish Mines.
 You attained the rank of Fighter.
 You entered Minetown.
 You entered Sokoban.
 You completed Sokoban.
 You attained the rank of Woman-at-arms.

 The Dungeons of Doom: levels 1 to 14
    Level 1:
       A fountain.
    Level 2:
    Level 3:
       An armor shop, a fountain.
       Stairs down to The Gnomish Mines.
    Level 4:
       A sink.
    Level 5:
       Many fountains.
    Level 6:
       An altar to Tyr, a grave.
       Stairs up to Sokoban, level 5.
    Level 7:
    Level 8:
       A fountain.
    Level 9:
       A grave.
    Level 10:
    Level 11:
       Summoned by the Norn.
    Level 12:
       An altar.
    Level 13: <- You were here.
       Final resting place for
          you, killed by a winged gargoyle.
    Level 14:
 The Gnomish Mines: levels 4 to 7
    Level 4:
    Level 5:
    Level 6:
    Level 7:
       An altar, a fountain.
 Sokoban: levels 5 up to 2
    Level 2:
       Solved.
    Level 3:
       Solved.
    Level 4:
       Solved.
    Level 5:
       Solved.


Vanquished creatures:
  2 giant mimics
  a large mimic
  a winter wolf
 an ettin mummy
  a pyrolisk
  a freezing sphere
  a flaming sphere
  2 gargoyles
  a dwarf ruler
  a human mummy
  2 pit vipers
  a wraith
  a Grey-elf
  a giant beetle
  2 quivering blobs
  3 cockatrices
  a winter wolf cub
  a panther
  a gremlin
  2 leprechauns
 an orc-captain
 an iron piercer
  2 gnome rulers
 an orc mummy
 an ogre
 an owlbear
  a gold golem
  a lizard
  7 chickatrices
  a housecat
  a gray unicorn
  3 dust vortices
  a plains centaur
  a gnome mummy
  a rope golem
  a Woodland-elf
  a fire ant
  a bugbear
  a wood nymph
  a water nymph
  9 Mordor orcs
  2 orc shamans
  2 rock piercers
 12 fog clouds
  a yellow light
  a violet fungus
  5 gnome leaders
  a gnomish wizard
  2 kobold mummies
  a gray ooze
  a ghoul
  a paper golem
  3 little dogs
  2 floating eyes
  3 dwarves
  a homunculus
  a kobold shaman
  4 hill orcs
  4 rothes
  3 giant bats
 an orc zombie
  4 dwarf zombies
  2 iguanas
 12 killer bees
  2 hobbits
  2 large kobolds
  a brown mold
  a yellow mold
 28 gnomes
  a gnome zombie
  6 geckos
  6 jackals
  2 foxes
  6 goblins
  a sewer rat
  6 grid bugs
  a bat
  6 lichens
  2 kobold zombies
  5 newts
210 creatures vanquished.

No species were genocided or became extinct.

Game over:
                       ----------
                      /          \
                     /    REST    \
                    /      IN      \
                   /     PEACE      \
                  /                  \
                  |      Japes       |
                  |     4018 Au      |
                  |   killed by a    |
                  | winged gargoyle  |
                  |                  |
                  |                  |
                  |       2026       |
                 *|     *  *  *      | *
        _________)/\\_//(\/(/\)/\//\/|_)_______

Farvel Japes the Valkyrie...

You died in The Dungeons of Doom on dungeon level 13 with 24277 points,
and 4018 pieces of gold, after 7223 moves.
You were level 10 with a maximum of 87 hit points when you died.

